 Dungeon Sprint DCSS version 0.17.1-3-g152610e (webtiles) character file.

25 Elvalys the Thaumaturge (level 2, -6/15 HPs)
             Began as a Deep Elf Fire Elementalist on Apr 19, 2016.
             Was the Champion of Jiyva.
             Mangled by a fire elemental (14 damage)
             ... in the Dungeon (Sprint V: "Ziggurat Sprint").
             The game lasted 00:03:21 (73 turns).

Elvalys the Thaumaturge (Deep Elf Fire Elementalist)  Turns: 73, Time: 00:03:21

Health: -6/15      AC: 26    Str:  5    XL:     2   Next: 86%
Magic:  13/13      EV: -12   Int: 19    God:    Jiyva [******]
Gold:   0          SH: 25    Dex: 27    Spells: 2 memorised, 15 levels left

rFire  . . .     SeeInvis .     M - +6 shillelagh "Devastator" {shatter}
rCold  . . .     Clarity  .     I - +15 Maxwell's patent armour {-Cast -Tele rElec MR+ rCorr}
rNeg   + . .     SustAt   .     J - +18 shield of the gong {rElec rN+ MR+ EV-5}
rPois  .         Gourm    .     (no helmet)
rElec  +         Spirit   .     (no cloak)
rCorr  +         Warding  .     (no gloves)
rMut   .         NoTele   +     (no boots)
MR     ++...     NoCast   +     (no amulet)
Stlth  ..........               C - +6 ring of dexterity
                                B - +6 ring of dexterity

@: very resistant to hostile enchantments, extremely unstealthy
A: acidic bite, gelatinous body 1, jelly sensing items
a: Request Jelly, Jelly Paralyse, Slimify, Cure Bad Mutation, Renounce Religion


You were in the Dungeon.
You worshipped Jiyva.
Jiyva was exalted by your worship.
You were not hungry.

You visited 1 branch

Inventory:

Hand Weapons
 H - the +6 Majin-Bo {vamp, Archmagi MP+6 Int+6}
   (You found it in the Dungeon)

   It inflicts no extra harm, but heals its wielder somewhat when it strikes a
   living foe.
   It affects your intelligence (+6).
   It affects your magic capacity (+6).
 K - the +7 Singing Sword
   (You found it in the Dungeon)
 L - the +8 lance "Wyrmbane" {slay drac, +Rage rPois rF+ AC+5}
   (You found it in the Dungeon)

   It affects your AC (+5).
   It protects you from fire.
   It protects you from poison.
   It lets you go berserk.
 M - the +6 shillelagh "Devastator" (weapon) {shatter}
   (You found it in the Dungeon)
Armour
 a - a +0 robe
 I - the +15 Maxwell's patent armour (worn) {-Cast -Tele rElec MR+ rCorr}
   (You found it in the Dungeon)

   It insulates you from electricity.
   It affects your resistance to hostile enchantments.
   It prevents spellcasting.
   It prevents most forms of teleportation.
   It protects you from acid and corrosion.
 J - the +18 shield of the gong (worn) {rElec rN+ MR+ EV-5}
   (You found it in the Dungeon)

   It affects your evasion (-5).
   It insulates you from electricity.
   It protects you from negative energy.
   It affects your resistance to hostile enchantments.
Jewellery
 B - a +6 ring of dexterity (left hand)
 C - a +6 ring of dexterity (right hand)
 D - a +6 ring of intelligence
 E - a +6 ring of intelligence
 F - a +6 ring of strength
 G - a +6 ring of strength
Wands
 x - a wand of disintegration (7)
 y - a wand of fire (5)
 z - a wand of cold (5)
 A - a wand of draining (5)
Scrolls
 i - 4 scrolls of blinking
 m - 4 scrolls of amnesia
 p - 3 scrolls of recharging
 q - 7 scrolls of fog
 r - a scroll of holy word
 s - 5 scrolls of identify
 t - 5 scrolls of remove curse
 u - 2 scrolls of fear
Potions
 d - 10 potions of curing
 e - 10 potions of heal wounds
 f - 6 potions of haste
 g - 7 potions of magic
 h - 3 potions of berserk rage
 j - 2 potions of brilliance
 k - 2 potions of invisibility
 l - 4 potions of resistance
 n - 5 potions of agility
 o - 5 potions of might
Books
 b - a book of Flames

   Spells                             Type                      Level
   a - Flame Tongue                   Conjuration/Fire             1
   b - Throw Flame                    Conjuration/Fire             2
   c - Conjure Flame                  Conjuration/Fire             3
   d - Inner Flame                    Hexes/Fire                   3
   e - Sticky Flame                   Conjuration/Fire             4
   f - Fireball                       Conjuration/Fire             5
Comestibles
 c - 5 bread rations
 v - 42 fruits
 w - 4 meat rations


   Skills:
 - Level 2.4 Dodging
 - Level 2.4 Stealth
 + Level 0.1 Shields
 * Level 8.7 Spellcasting
 - Level 1.1 Conjurations
 + Level 6.4 Fire Magic


You had 15 spell levels left.
You knew the following spells:

 Your Spells              Type           Power        Failure   Level  Hunger
a - Flame Tongue          Conj/Fire      ###..        100%        1    None
b - Throw Flame           Conj/Fire      ###...       100%        2    None


Dungeon Overview and Level Annotations

Branches:
Dungeon (1/1)

Altars:
Ashenzari
Cheibriados
Dithmenos
Elyvilon
Fedhas
Gozag
Kikubaaqudgha
Makhleb
Nemelex Xobeh
Okawaru
Qazlal
Ru
Sif Muna
Trog
Vehumet
Xom
Yredelemnul
Zin
The Shining One
Beogh
Jiyva
Lugonu


Innate Abilities, Weirdness & Mutations

You have acidic saliva.
Your rubbery body absorbs attacks (AC +1).
You have a small jelly attached to you that senses nearby items.


Message History

Jiyva alters your body.
You no longer feel cold resistant.
Jiyva appreciates your sacrifice.
You feel a little less hungry. Jiyva alters your body.
You feel frail. Jiyva appreciates your sacrifice.
You feel a little less hungry. The fire elemental hits you.
The fire elemental burns you!
You shudder from the blow and a flood of jellies pours out from you!
You hear a distant slurping noise.
Jiyva alters your body.
You feel robust. Jiyva appreciates your sacrifice.
You feel a little less hungry.
You feel better. You block the hell hound's attack.
GONNNNG!
The fire elemental hits you. The fire elemental burns you!
Ouch! That really hurt!
You die...

▓▓▓▓▓▓▓▓▓▓▓▓▓
▓.8©8.▓.8©8.▓
▓.)§}.▓.....▓
▓...§v▓.}.J.▓
▓...§.▓.....▓
▓..Eh.▓..†..▓
▓...@.▓.....▓
▓..J.J▓▓▓▓▓▓▓
▓▓▓▓▓▓▓


You could see a fire elemental, a hell hound and 2 friendly death oozes.

Vanquished Creatures
  2 adders (D)
2 creatures vanquished.

Notes
Turn   | Place    | Note
--------------------------------------------------------------
     0 | D        | Elvalys the Deep Elf Fire Elementalist began the quest for the Orb.
     0 | D        | Reached XP level 1. HP: 10/10 MP: 6/6
     0 | D        | Found a roughly hewn altar of Beogh.
     0 | D        | Found a corrupted altar of Lugonu.
     0 | D        | Found a viscous altar of Jiyva.
     0 | D        | Found a white marble altar of Elyvilon.
     0 | D        | Found a sparkling altar of Nemelex Xobeh.
     0 | D        | Found a burning altar of Makhleb.
     0 | D        | Found an iron altar of Okawaru.
     0 | D        | Found a deep blue altar of Sif Muna.
     0 | D        | Found a radiant altar of Vehumet.
     0 | D        | Found a bloodstained altar of Trog.
     0 | D        | Found a shimmering altar of Xom.
     2 | D        | Reached skill level 8 in Spellcasting
     2 | D        | Reached skill level 5 in Fire Magic
     2 | D        | Reached XP level 2. HP: 15/15 MP: 6/13
    50 | D        | Became a worshipper of Jiyva Jicwisiy the Shapeless
    55 | D        | Reached * piety under Jiyva
    57 | D        | Reached ** piety under Jiyva
    57 | D        | Reached *** piety under Jiyva
    61 | D        | Learned a level 2 spell: Throw Flame
    61 | D        | Reached **** piety under Jiyva
    63 | D        | Entered arena 1.
    66 | D        | Gained mutation: Your flesh is heat resistant. [Jiyva's grace]
    66 | D        | Gained mutation: You occasionally shout uncontrollably at your foes. [Jiyva's grace]
    66 | D        | Reached ***** piety under Jiyva
    66 | D        | Gained mutation: You have a pair of small antennae on your head. [Jiyva's grace]
    68 | D        | Lost mutation: You occasionally shout uncontrollably at your foes. [Jiyva's grace]
    68 | D        | Lost mutation: You have a pair of small antennae on your head. [Jiyva's grace]
    68 | D        | Reached ****** piety under Jiyva
    68 | D        | Gained mutation: You can breathe flames. [Jiyva's grace]
    68 | D        | Gained mutation: Your rubbery body absorbs attacks (AC +1). [Jiyva's grace]
    69 | D        | Lost mutation: Your flesh is heat resistant. [Jiyva's grace]
    70 | D        | Lost mutation: You can breathe flames. [Jiyva's grace]
    71 | D        | Entered arena 2.
    71 | D        | Noticed a hell hound
    71 | D        | Noticed a fire elemental
    71 | D        | Gained mutation: You have acidic saliva. [Jiyva's grace]
    71 | D        | Gained mutation: Your flesh is cold resistant. [Jiyva's grace]
    73 | D        | Gained mutation: You have a small jelly attached to you that senses nearby items. [Jiyva's grace]
    73 | D        | Lost mutation: Your flesh is cold resistant. [Jiyva's grace]
    73 | D        | Gained mutation: You are frail (-10% HP). [Jiyva's grace]
    73 | D        | Lost mutation: You are frail (-10% HP). [Jiyva's grace]
    73 | D        | Mangled by a fire elemental

Action                   || total
-------------------------++-------
Melee: Shillelagh        ||     3
Invok: Request Jelly     ||     1
  Use: Potion            ||     1
